 Dungeon Crawl Stone Soup version 0.31-a0-188-g5e087ee2ca (webtiles) character file.

Game seed: 11854156423682458865

517 qw the Skirmisher (level 7, -1/38 HPs)
             Began as a Deep Elf Hunter on June 23, 2023.
             Was an Initiate of Okawaru.
             Slain by a river rat (5 damage)
             ... summoned by Eustachio
             ... on level 4 of the Dungeon.
             The game lasted 00:01:27 (2568 turns).

qw the Skirmisher (Deep Elf Hunter)                 Turns: 2568, Time: 00:01:27

Health: -1/38      AC: 12    Str: 12      XL:     7   Next: 0%
Magic:  9/9        EV:  9    Int: 13 (14) God:    Okawaru [......]
Gold:   190        SH:  0    Dex: 18      Spells: 6/6 levels left

rFire   x . .        Y - +0 shortbow
rCold   . . .        (shield currently unavailable)
rNeg    . . .        d - +4 scale mail "Gyqufrurch" {rF- Will++ Str+2 SInv}
rPois   .            a - +0 helmet
rElec   .            g - +0 cloak
rCorr   .            (no gloves)
SInv    +            (no boots)
Will    ++...        (no amulet)
Stlth   +            (no ring)
HPRegen 0.26/turn    (no ring)
MPRegen 0.11/turn

%: no passive effects
@: no status effects
A: no striking features
a: Renounce Religion


You were on level 4 of the Dungeon.
You worshipped Okawaru.
Okawaru was noncommittal.
You visited 2 branches of the dungeon, and saw 5 of its levels.

You collected 190 gold pieces.


   Skills:
 - Level 1.5 Fighting
 - Level 11.0 Ranged Weapons
 + Level 0.0 Armour
 - Level 2.4 Dodging
 - Level 1.2 Stealth


You had 6 spell levels left.
You didn't know any spells.
Your spell library was empty.

Inventory:

Hand Weapons
 Y - a +0 shortbow (weapon)
Armour
 a - a +0 helmet (worn)
 c - a +0 leather armour
 d - the +4 scale mail "Gyqufrurch" (worn) {rF- Will++ Str+2 SInv}
   (You found it on level 3 of the Dungeon)

   Str:       It affects your strength (+2).
   rF:        It makes you vulnerable to fire.
   SInv:      It lets you see invisible.
   Will:      It greatly increases your willpower.
 g - a +0 cloak (worn)
Scrolls
 b - a scroll of identify
Potions
 e - a potion of haste {unknown}
 f - a potion of might {unknown}
 h - a potion of berserk rage {unknown}

Dungeon Overview and Level Annotations

Branches:
Dungeon (4/15)             Temple (1/1) D:4

Altars:
Cheibriados
Dithmenos
Fedhas
Nemelex Xobeh
Okawaru
Qazlal
Ru
Sif Muna
Trog
Uskayaw
Vehumet
Wu Jian
Xom
Yredelemnul
Zin
The Shining One

Annotations:
D:4 Eustachio


Message History

You shoot an arrow. The arrow closely misses Eustachio.
Eustachio hits you with a +0 rapier.
The white imp hits you but does no damage.
The rat bites you but does no damage.
The river rat bites you but does no damage.
You shoot an arrow. The arrow barely misses Eustachio.
The white imp barely misses you. The rat barely misses you.
Eustachio mumbles some strange words.
The river rat bites you.
You shoot an arrow.
The arrow hits Eustachio but does no damage.
Eustachio is heavily wounded.
The river rat disappears in a puff of smoke!
The bat barely misses you. The white imp gestures at you.
The puff of frost hits you. The rat closely misses you.
Eustachio mumbles some strange words.
Eustachio blinks!
You shoot an arrow. The arrow hits the white imp.
The white imp is lightly wounded.
The bat barely misses you. The bat hits you but does no damage.
The white imp lashes its tail.
The white imp gestures at you. The puff of frost hits you.
The rat bites you but does no damage.
The river rat bites you but does no damage.
You shoot an arrow.
The arrow hits the white imp but does no damage.
The white imp is lightly wounded.
The bat barely misses you. The bat closely misses you.
The white imp gestures at you.
The puff of frost hits you but does no damage.
The rat closely misses you. The river rat bites you.
You shoot an arrow. The arrow barely misses the white imp.
The arrow hits the bat.
The bat is severely wounded.
The white imp disappears in a puff of smoke!
The bat closely misses you. The bat barely misses you.
The rat barely misses you. The bat hits you but does no damage.
The river rat bites you.
You die...

#..........}8...
#.....#...............
#.....#........>.}8... .
#.....#...............
..#.....#..........}8...
.................#......
................##......
.......r........# ...#..
....$@b@........# ...#..
........rb....(.# .... .
....#..........###...##
......(..............
..........<......####
.....................
.....................
......###...#..........
... #...............


You could see Eustachio, a river rat (summoned), 2 bats and a rat (summoned).

Vanquished Creatures
  An oklob plant (D:3)
  Robin (D:2)
  A gnoll (D:1)
  3 adders (D:2)
  3 dart slugs
  3 ball pythons (D:1)
  5 bats
  4 endoplasms
  2 giant cockroaches
  17 goblins
  6 hobgoblins
  5 jackals (D:2)
  4 quokkas
  4 frilled lizards
  3 kobolds (D:2)
  8 rats
70 creatures vanquished.

Notes
Turn   | Place    | Note
-------+----------+-------------------------------------------
     0 | D:1      | qw the Deep Elf Hunter began the quest for the Orb.
     0 | D:1      | Reached XP level 1. HP: 12/12 MP: 3/3
     0 | D:1      | 0 ||| qw: Version: 0.3-a-9-g12657ce
     0 | D:1      | 0 ||| qw: Game counter: 4150
     0 | D:1      | 0 ||| qw: Always use a shield: true
     0 | D:1      | 0 ||| qw: God list: Okawaru
     0 | D:1      | 0 ||| qw: Allow faded altars: false
     0 | D:1      | 0 ||| qw: Do Orc after D:15 true
     0 | D:1      | 0 ||| qw: Do second Lair branch before Depths: true
     0 | D:1      | 0 ||| qw: Lair rune preference: random
     0 | D:1      | 0 ||| qw: Plans: Normal
     0 | D:1      | 0 ||| PLANNING D:1-11
    90 | D:1      | Reached skill level 6 in Ranged Weapons
    90 | D:1      | Reached XP level 2. HP: 16/16 MP: 4/4
   150 | D:1      | You fall into a shaft and drop 1 floor!
   218 | D:2      | Reached XP level 3. HP: 17/20 MP: 5/5
   241 | D:2      | Reached skill level 7 in Ranged Weapons
   305 | D:2      | 305 ||| READING scroll labelled HEUTEL YRRO.
   371 | D:2      | 371 ||| READING scroll labelled WIRUM FABET.
   372 | D:2      | 372 ||| DRINKING 2 bubbling inky potions.
   373 | D:2      | 373 ||| DROPPING scroll of butterflies.
   374 | D:2      | 374 ||| Stepping randomly (stuck).
   375 | D:2      | 375 ||| Stepping randomly (stuck).
   376 | D:2      | 376 ||| Stepping randomly (stuck).
   377 | D:2      | 377 ||| Stepping randomly (stuck).
   378 | D:2      | 378 ||| Stepping randomly (stuck).
   379 | D:2      | 379 ||| Stepping randomly (stuck).
   380 | D:2      | 380 ||| Stepping randomly (stuck).
   381 | D:2      | 381 ||| Stepping randomly (stuck).
   382 | D:2      | 382 ||| Stepping randomly (stuck).
   383 | D:2      | 383 ||| Stepping randomly (stuck).
   384 | D:2      | 384 ||| Stepping randomly (stuck).
   385 | D:2      | 385 ||| Stepping randomly (stuck).
   386 | D:2      | 386 ||| Stepping randomly (stuck).
   387 | D:2      | 387 ||| Stepping randomly (stuck).
   388 | D:2      | 388 ||| Stepping randomly (stuck).
   389 | D:2      | 389 ||| Stepping randomly (stuck).
   390 | D:2      | 390 ||| Stepping randomly (stuck).
   391 | D:2      | 391 ||| Stepping randomly (stuck).
   392 | D:2      | 392 ||| Stepping randomly (stuck).
   393 | D:2      | 393 ||| Stepping randomly (stuck).
   394 | D:2      | 394 ||| Stepping randomly (stuck).
   395 | D:2      | 395 ||| Stepping randomly (stuck).
   396 | D:2      | 396 ||| Stepping randomly (stuck).
   397 | D:2      | 397 ||| Stepping randomly (stuck).
   398 | D:2      | 398 ||| Stepping randomly (stuck).
   399 | D:2      | 399 ||| Stepping randomly (stuck).
   400 | D:2      | 400 ||| Stepping randomly (stuck).
   401 | D:2      | 401 ||| Stepping randomly (stuck).
   402 | D:2      | 402 ||| Stepping randomly (stuck).
   403 | D:2      | 403 ||| Stepping randomly (stuck).
   404 | D:2      | 404 ||| Stepping randomly (stuck).
   405 | D:2      | 405 ||| Stepping randomly (stuck).
   406 | D:2      | 406 ||| Stepping randomly (stuck).
   407 | D:2      | 407 ||| Stepping randomly (stuck).
   408 | D:2      | 408 ||| Stepping randomly (stuck).
   409 | D:2      | 409 ||| Stepping randomly (stuck).
   410 | D:2      | 410 ||| Stepping randomly (stuck).
   411 | D:2      | 411 ||| Stepping randomly (stuck).
   412 | D:2      | 412 ||| Stepping randomly (stuck).
   413 | D:2      | 413 ||| Stepping randomly (stuck).
   414 | D:2      | 414 ||| Stepping randomly (stuck).
   415 | D:2      | 415 ||| Stepping randomly (stuck).
   416 | D:2      | 416 ||| Stepping randomly (stuck).
   417 | D:2      | 417 ||| Stepping randomly (stuck).
   418 | D:2      | 418 ||| Stepping randomly (stuck).
   419 | D:2      | 419 ||| Stepping randomly (stuck).
   420 | D:2      | 420 ||| Stepping randomly (stuck).
   421 | D:2      | 421 ||| Stepping randomly (stuck).
   422 | D:2      | 422 ||| Stepping randomly (stuck).
   423 | D:2      | 423 ||| Stepping randomly (stuck).
   424 | D:2      | 424 ||| Stepping randomly (stuck).
   425 | D:2      | 425 ||| Stepping randomly (stuck).
   426 | D:2      | 426 ||| Stepping randomly (stuck).
   427 | D:2      | 427 ||| Stepping randomly (stuck).
   428 | D:2      | 428 ||| Stepping randomly (stuck).
   429 | D:2      | 429 ||| Stepping randomly (stuck).
   430 | D:2      | 430 ||| Stepping randomly (stuck).
   683 | D:1      | Found a faded altar of an unknown god.
   762 | D:1      | Reached XP level 4. HP: 16/25 MP: 6/6
   848 | D:1      | 848 ||| READING scroll labelled MEKEUV UXOCWU.
  1278 | D:2      | 1278 ||| READING scroll labelled UGUSOC ODODUAV.
  1279 | D:2      | 1279 ||| READING scroll labelled WANTET TIYHEPT.
  1289 | D:3      | Noticed Robin
  1293 | D:3      | 1293 ||| STAIRDANCE
  1297 | D:2      | HP: 6/25 [hobgoblin[Robin] (3)]
  1298 | D:2      | 1298 ||| DRINKING potion of heal wounds.
  1308 | D:3      | 1308 ||| STAIRDANCE
  1314 | D:2      | Killed Robin
  1315 | D:2      | Reached skill level 8 in Ranged Weapons
  1374 | D:2      | 1374 ||| UPGRADING to +0 helmet.
  1379 | D:2      | 1379 ||| DRINKING 2 grey potions.
  1380 | D:2      | 1380 ||| DROPPING potion of degeneration.
  1386 | D:3      | 1386 ||| STAIRDANCE
  1422 | D:3      | 1422 ||| STAIRDANCE
  1495 | D:3      | Identified the +4 scale mail "Gyqufrurch" {rF- Will++ Str+2
                  | SInv}
  1899 | D:3      | Found a blossoming altar of Fedhas.
  1919 | D:3      | Noticed an oklob plant
  1920 | D:3      | 1920 ||| UPGRADING to +4 scale mail "Gyqufrurch" {rF-
                  | Will++ Str+2 SInv}.
  1930 | D:3      | 1930 ||| DROPPING +1 hat.
  1931 | D:3      | 1931 ||| READING scroll labelled WAITUCK ZOJAU.
  1932 | D:3      | 1932 ||| READING 2 scrolls of identify.
  1932 | D:3      | 1932 ||| IDENTIFYING pink potion
  1933 | D:3      | 1933 ||| DROPPING potion of attraction.
  1965 | D:3      | Killed an oklob plant
  1966 | D:3      | Reached skill level 11 in Ranged Weapons
  1966 | D:3      | Reached XP level 5. HP: 29/29 MP: 7/7
  1966 | D:3      | Reached XP level 6. HP: 34/34 MP: 8/8
  1966 | D:3      | Reached XP level 7. HP: 38/38 MP: 9/9
  2278 | D:3      | 2278 ||| UPGRADING to +0 cloak.
  2283 | D:3      | 2283 ||| READING 2 scrolls of identify.
  2283 | D:3      | 2283 ||| IDENTIFYING glowing puce potion
  2284 | D:3      | 2284 ||| DROPPING potion of lignification.
  2361 | D:4      | Found a staircase to the Ecumenical Temple.
  2362 | D:4      | 2362 ||| PLANNING TEMPLE
  2370 | Temple   | Entered the Ecumenical Temple
  2422 | Temple   | 2422 ||| PLANNING OKAWARU WORSHIP
  2504 | Temple   | Became a worshipper of Warmaster Okawaru
  2505 | Temple   | 2505 ||| PLANNING D:1-11
  2543 | D:4      | Noticed Eustachio
  2559 | D:4      | HP: 9/38 [Eustachio/+0 rapier (1)]
  2560 | D:4      | 2560 ||| DRINKING potion of heal wounds.
  2565 | D:4      | HP: 9/38 [white imp/puff of frost[Eustachio] (2)]
  2567 | D:4      | HP: 3/38 [river rat[Eustachio] (3)]
  2568 | D:4      | Slain by a river rat

Levels and vault maps discovered:
D:1:      wander_arrival_peaceful_grave, layout_loops_ring,
          hellmonk_ecumenical_altar_run_dry
D:2:      layout_basic, dreamdust_wishing_well, grunt_ministairs_9,
          minmay_hexomino_f4
D:3:      layout_basic, tgw_fedhas, uniq_robin
D:4:      layout_basic, minmay_temple_entry_drinking_statues, uniq_eustachio
Temple:   nicolae_temple_superstar

Skill      XL: |  1  2  3  4 |
---------------+-------------+-----
Ranged Weapons | 6 7 11 | 11.0
Fighting       | |  1.5
Dodging        | |  2.4
Stealth        | |  1.2

Action                     |  1- 3 |  4- 6 |  7- 9 || total
---------------------------+-------+-------+-------++-------
   Fire: Shortbow          |   103 |   133 |    24 ||   260
    Use: Scroll            |     2 |     5 |     1 ||     8
         Potion            |     1 |     2 |     1 ||     4
 Armour: Leather armour    |     4 |    26 |       ||    30
         Scale mail        |       |       |    31 ||    31
  Dodge: Dodged            |    21 |    59 |    30 ||   110

Table legend:
 A = Non-vault XP
 B = Vault XP
 C = Vault XP percentage of total XP
 D = Non-vault monster count
 E = Vault monster count
 F = Vault count percentage of total count
                 A         B        C        D         E       F
            +---------+---------+-------+---------+---------+-------
      Total |     121 |     618 |  83.6 |      50 |      20 |  28.6
            +---------+---------+-------+---------+---------+-------
        D:1 |      47 |       0 |   0.0 |      21 |       0 |   0.0
        D:2 |      60 |      51 |  45.9 |      21 |      13 |  38.2
        D:3 |      14 |     567 |  97.6 |       8 |       7 |  46.7
            +---------+---------+-------+---------+---------+-------
